 Dungeon Crawl Stone Soup version 0.30.1-1-g62c8e00024 (webtiles) character file.

Game seed: 5370667067214521066

760 Gorgoleon the Reanimator (level 8, 0/52 HPs)
             Began as a Human Necromancer on July 16, 2023.
             Killed from afar by a white imp (6 damage)
             ... with a puff of frost
             ... on level 5 of the Dungeon.
             The game lasted 00:14:31 (4275 turns).

Gorgoleon the Reanimator (Human Necromancer)        Turns: 4275, Time: 00:14:31

Health: 0/52       AC:  5    Str:  9    XL:     8   Next: 7%
Magic:  10/11      EV: 12    Int: 17    God:
Gold:   175        SH:  0    Dex: 14    Spells: 7/11 levels left

rFire   . . .        l - +3 dagger (elec)
rCold   . . .        (no shield)
rNeg    . . .        a - +0 robe
rPois   .            (no helmet)
rElec   .            (no cloak)
rCorr   .            j - +1 pair of gloves
SInv    .            D - +0 pair of boots
Will    .....        (no amulet)
Stlth   ++           (no ring)
HPRegen 0.28/turn    (no ring)
MPRegen 0.12/turn

%: no passive effects
@: no status effects
A: no striking features
a: no special abilities


You were on level 5 of the Dungeon.
You visited 1 branch of the dungeon, and saw 5 of its levels.

You collected 175 gold pieces.

Inventory:

Hand Weapons
 b - a +0 long sword
 l - a +3 dagger of electrocution (weapon)
Missiles
 f - 6 boomerangs
 g - 43 stones
Armour
 a - a +0 robe (worn)
 j - a +1 pair of gloves (worn)
 C - a +0 buckler
 D - a +0 pair of boots (worn)
 F - a +0 leather armour
Jewellery
 o - a ring of wizardry
Wands
 p - a wand of polymorph (8)
 q - a wand of roots (5)
 w - a wand of charming (10)
Scrolls
 i - 3 scrolls of teleportation
 v - a scroll of fear {unknown}
 x - 2 scrolls of fog {unknown}
 y - a scroll of silence {unknown}
 z - a scroll of immolation {unknown}
 A - a scroll of poison {unknown}
 B - 2 scrolls of vulnerability {unknown}
Potions
 c - a potion of haste
 d - 2 potions of mutation
 e - a potion of flight
 h - a potion of resistance
 k - 2 potions of might
 m - 4 potions of heal wounds
 n - 3 potions of curing
 r - a potion of degeneration {unknown}
 s - a potion of berserk rage {unknown}
 t - a potion of brilliance {unknown}
 u - a potion of attraction
 E - a potion of magic


   Skills:
 - Level 2.0 Dodging
 - Level 2.0 Stealth
 - Level 2.0 Spellcasting
 + Level 9.4 Necromancy


You had 7 spell levels left.
You knew the following spells:

 Your Spells              Type           Power      Damage    Failure   Level
a - Necrotise             Necr           100%       1d9       1%          1
b - Vampiric Draining     Necr           33%        2d8       1%          3

Your spell library contained the following spells:

 Spells                   Type           Power      Damage    Failure   Level
 Animate Dead             Necr           33%        N/A       4%          4
 Dispel Undead            Necr           33%        3d14      4%          4
 Cigotuvi's Dreadful Rot  Necr/Pois/Air  24%        N/A       9%          2
 Agony                    Necr           33%        N/A       12%         5
 Death Channel            Necr           16%        N/A       54%         6


Dungeon Overview and Level Annotations

Branches:
Dungeon (5/15)
 Temple: D:4-7

Altars:


Message History

You barely miss the shadow imp.
The shadow imp is moderately wounded.
The shadow imp hits you.
You hit the shadow imp.
The shadow imp is heavily wounded.
The shadow imp hits you but does no damage.
You hit the shadow imp but do no damage.
The shadow imp is heavily wounded.
The white imp grins evilly.
The shadow imp disappears for a moment.
The shadow imp closely misses you.
You closely miss the shadow imp.
The shadow imp is heavily wounded.
The shadow imp gestures at you. Pain shoots through your body!
You barely miss the shadow imp.
The shadow imp is heavily wounded.
The white imp picks up a beetle and eats it.
The shadow imp completely misses you.
You hit the shadow imp.
The shadow imp is heavily wounded.
The shadow imp barely misses you.
You closely miss the shadow imp.
The shadow imp is heavily wounded.
The shadow imp hits you but does no damage.
You hit the shadow imp.
The shadow imp is severely wounded.
The shadow imp barely misses you.
You hit the shadow imp.
The shadow imp is almost dead.
The shadow imp hits you.
You hit the shadow imp.
The shadow imp is almost dead.
The shadow imp gestures at you. Pain shoots through your body!
* * * LOW HITPOINT WARNING * * *
You hit the shadow imp.
You kill the shadow imp!
The white imp gestures at you. The puff of frost hits you.
You die...

#.....###.#
#.........#
..........#
#.?.......#
#.....#.#>#
#.#.# #S#.#
.h #5#.# .
#†#.###
##@#...#
#...##.#
#......#
#...#..#
#####..#
#..# #..#
#..# #..#


You could see an adder and a white imp.

Vanquished Creatures
  2 black bears (D:5)
  3 ogres
  A scorpion (D:3)
  A hound (D:4)
  An orc priest (D:3)
  Jessica (D:2)
  A sleepcap (D:4)
  5 adders
  2 shadow imps
  2 ufetubi (D:5)
  A worm (D:2)
  A dart slug (D:1)
  10 orcs
  11 endoplasms
  A giant cockroach (D:2)
  8 goblins
  6 hobgoblins
  10 kobolds
  2 quokkas
  8 ball pythons
  5 bats
  8 frilled lizards
  2 rats
92 creatures vanquished.

Vanquished Creatures (collateral kills)
  A worm (D:5)
  A bat (D:2)
2 creatures vanquished.

Grand Total: 94 creatures vanquished

Notes
Turn   | Place    | Note
-------+----------+-------------------------------------------
     0 | D:1      | Gorgoleon the Human Necromancer began the quest for the
                  | Orb.
     0 | D:1      | Reached XP level 1. HP: 13/13 MP: 3/3
   206 | D:1      | Reached XP level 2. HP: 19/19 MP: 5/5
   861 | D:1      | Reached XP level 3. HP: 24/24 MP: 3/6
  1043 | D:2      | Reached skill level 5 in Necromancy
  1091 | D:2      | Learned a level 3 spell: Vampiric Draining
  1442 | D:2      | Reached XP level 4. HP: 30/30 MP: 7/7
  1465 | D:2      | Noticed Jessica
  1483 | D:2      | Killed Jessica
  1887 | D:3      | Reached XP level 5. HP: 31/35 MP: 8/8
  1938 | D:3      | Reached skill level 6 in Necromancy
  2776 | D:3      | Reached XP level 6. HP: 7/41 MP: 1/9
  2890 | D:4      | Reached skill level 7 in Necromancy
  3154 | D:4      | Noticed an ogre
  3163 | D:4      | Killed an ogre
  3791 | D:5      | Entered Level 5 of the Dungeon
  3880 | D:5      | Noticed an ogre
  3917 | D:4      | Killed an ogre
  3918 | D:4      | Reached skill level 8 in Necromancy
  3918 | D:4      | Reached XP level 7. HP: 8/46 MP: 0/10
  4255 | D:5      | Reached skill level 9 in Necromancy
  4261 | D:5      | Reached XP level 8. HP: 29/52 MP: 8/11
  4275 | D:5      | Killed from afar by a white imp

Illustrated notes

Levels and vault maps discovered:
D:1:      lightli_arrival_lavapool, layout_loops_ring,
          chequers_serial_rivers_small_3
D:2:      layout_rooms, uniq_jessica
D:3:      layout_loops_ring
D:4:      layout_loops_cross
D:5:      layout_loops_ring, serial_demonic, serial_demonic_g, serial_demonic_c,
          serial_demonic_c, serial_demonic_d

Skill      XL: |  1  2  3  4  5  6  7 |
---------------+----------------------+-----
Necromancy     | 5 6 8 9 |  9.4
Dodging        | |  2.0
Stealth        | |  2.0
Spellcasting   | |  2.0

Action                     |  1- 3 |  4- 6 |  7- 9 || total
---------------------------+-------+-------+-------++-------
  Melee: Whip              |    35 |       |       ||    35
         Punch             |     3 |     2 |     1 ||     6
         Dagger            |    19 |   105 |    42 ||   166
  Throw: Boomerang         |       |     5 |       ||     5
   Cast: Necrotise         |    48 |    23 |     7 ||    78
         Vampiric Draining |       |     6 |       ||     6
    Use: Scroll            |       |     5 |       ||     5
         Potion            |       |     6 |       ||     6
   Stab: Sleeping          |     1 |     6 |       ||     7
 Armour: Robe              |    20 |    29 |    22 ||    71
  Dodge: Dodged            |    42 |    58 |    46 ||   146
